 Dungeon Crawl Stone Soup version 0.28.0 (webtiles) character file.

Game seed: 4959056204713839697

3238 crazypyro the Cleaver (level 9, -4/75 HPs)
             Began as a Hill Orc Berserker on Feb 10, 2022.
             Was an Elder of Trog.
             Slain by an orc warrior (10 damage)
             ... on level 8 of the Dungeon.
             The game lasted 00:10:24 (7306 turns).

crazypyro the Cleaver (Hill Orc Berserker)          Turns: 7306, Time: 00:10:24

Health: -4/75      AC: 17    Str: 24    XL:     9   Next: 99%
Magic:  9/9        EV: 12    Int:  7    God:    Trog [****..]
Gold:   258        SH:  0    Dex: 16    Spells: 8/8 levels left

rFire   . . .      SeeInvis .   b - +2 scythe (freeze)
rCold   + . .      Faith    .   (shield currently unavailable)
rNeg    . . .      Spirit   .   l - +7 Kryia's mail coat {PotionHeal*2 rC+}
rPois   .          Reflect  .   q - +0 helmet
rElec   .          Harm     .   z - +0 cloak
rCorr   +          Rampage  .   (no gloves)
Will    .....                   (no boots)
Stlth   ..........              (no amulet)
HPRegen 0.22/turn               c - +6 ring of dexterity
MPRegen 0.11/turn               h - ring of resist corrosion

@: on berserk cooldown, slowed, very slow
A: no striking features
a: Renounce Religion, Berserk, Trog's Hand, Brothers in Arms


You were on level 8 of the Dungeon.
You worshipped Trog.
Trog was greatly pleased with you.
You visited 1 branch of the dungeon, and saw 8 of its levels.

You collected 258 gold pieces.

Inventory:

Hand Weapons
 a - a +0 hand axe
 b - a +2 scythe of freezing (weapon)
Missiles
 t - a throwing net (quivered)
Armour
 j - a +0 plate armour
 l - the +7 Kryia's mail coat (worn) {PotionHeal*2 rC+}
   (You found it on level 2 of the Dungeon)

   Potions are twice as effective at healing its wearer.
   rC:        It protects you from cold.
 q - a +0 helmet (worn)
 z - a +0 cloak (worn)
Jewellery
 c - a +6 ring of dexterity (left hand)
 d - a ring of magical power
 g - a +6 ring of dexterity
 h - a ring of resist corrosion (right hand)
 o - a ring of see invisible
 p - a +6 ring of dexterity
Wands
 m - a wand of acid (13)
 u - a wand of charming (4)
 v - a wand of digging (6)
 y - a wand of flame (5)
 E - a wand of iceblast (9)
 H - a wand of paralysis (11)
Scrolls
 f - 2 scrolls of immolation
 k - a scroll of magic mapping
 r - a scroll of teleportation
 x - a scroll of enchant armour {unknown}
 A - 2 scrolls of identify {unknown}
 B - 3 scrolls of amnesia {unknown}
 C - 3 scrolls of blinking {unknown}
 D - a scroll of fog {unknown}
 F - a scroll of enchant weapon {unknown}
 G - a scroll of noise {unknown}
Potions
 e - a potion of ambrosia {unknown}
 i - a potion of lignification {unknown}
 n - a potion of curing {unknown}
 s - a potion of flight {unknown}
 w - 2 potions of magic {unknown}


   Skills:
 + Level 6.1 Fighting
 * Level 14.5 Axes
 - Level 6.7 Armour
 + Level 3.7 Dodging


You had 8 spell levels left.
You didn't know any spells.
Your spell library was empty.

Dungeon Overview and Level Annotations

Branches:
Dungeon (8/15)             Temple (0/1) D:4
   Lair: D:8-11

Altars:
Ashenzari
Kikubaaqudgha
Okawaru
Vehumet
Wu Jian
Yredelemnul

Shops:
D:4 *

Annotations:
D:4 3 runed translucent doors, SnakkuSnakku7's ghost, amateur DjGl
D:5 5 runed translucent doors


Message History

The orc hits you with a +0 hand axe.
* * * LOW HITPOINT WARNING * * *
The orc closely misses you.
You hit the orc. You freeze the orc.
The orc is almost dead.
The orc priest shouts, "Join the one true god or die!"
The orc barely misses you.
The orc priest invokes the aid of Beogh against you.
Beogh smites you!
* * * LOW HITPOINT WARNING * * *
The orc barely misses you.
Reach: b) +2 scythe (freeze)
Press: ? - help, Dir - move target, f - orc priest
Aim: an orc priest, wielding a +0 whip (about 38% to evade your +2 scythe of freezing)
The orc is in the way.
You slice the orc!! You freeze the orc.
You kill the orc!
Trog accepts your kill. The orc priest closely misses you.
You hit the orc priest. You freeze the orc priest.
The orc priest is heavily wounded.
You feel the effects of Trog's Hand fading.
The orc priest hits you but does no damage. x2
The orc priest closely misses you.
You hit the orc priest. You freeze the orc priest.
You kill the orc priest!
Trog accepts your kill.
You can now call in reinforcements.
Your skin stops crawling.
You feel less strong-willed.
The orc warrior throws a boomerang.
The boomerang hits you but does no damage.
The orc warrior throws a boomerang.
The boomerang closely misses you.
The orc warrior throws a boomerang.
The boomerang barely misses you.
The orc warrior throws a boomerang.
The boomerang hits you.
* * * LOW HITPOINT WARNING * * *
There is a stone staircase leading down, spattered with blood here.
The orc warrior hits you with a +0 battleaxe!
* * * LOW HITPOINT WARNING * * *
You climb downwards.
There is a stone staircase leading up here.
The orc warrior hits you with a +0 battleaxe!
You die...

#.###.#.#####.##.#.####
#.####..#####.##.#.# #)
#.............##.#..##.
######..########.#.##.#
#.....########.#.....
#.##..†..........####
.. #.......... ### # ##
#.######### # #@#######
# #.......
#.#.###.######
...#.....###### ###
###......... #.########


You could see an orc warrior.

Vanquished Creatures
  A gargoyle (D:7)
  An unseen horror (D:7)
  A kobold demonologist (D:7)
  A shadow (D:5)
  Sigmund (D:3)
  A yak (D:8)
  Menkaure (D:7)
  A black bear (D:7)
  An orc warrior (D:7)
  2 sky beasts
  3 ogres (D:6)
  A wyvern zombie (D:7)
  3 scorpions
  A water moccasin skeleton (D:5)
  A wight (D:7)
  A howler monkey (D:7)
  2 centaur zombies
  4 hounds
  2 gnoll shamans
  An orc priest (D:7)
  A bullfrog skeleton (D:6)
  A jelly (D:6)
  Jessica (D:2)
  A centaur skeleton (D:5)
  An iguana (D:6)
  3 orc wizards
  A hound skeleton (D:4)
  Robin (D:3)
  6 adders
  13 gnolls
  A white imp (D:7)
  3 ufetubi
  6 dart slugs
  17 orcs
  7 endoplasms
  3 giant cockroaches
  16 goblins
  14 hobgoblins
  3 jackals (D:2)
  7 kobolds
  4 quokkas
  9 ball pythons
  5 bats
  4 frilled lizards
  17 rats
  A spectral orc (D:4)
176 creatures vanquished.

Notes
Turn   | Place    | Note
-------+----------+-------------------------------------------
     0 | D:1      | crazypyro the Hill Orc Berserker began the quest for the
                  | Orb.
     0 | D:1      | Reached XP level 1. HP: 19/19 MP: 1/1
   343 | D:1      | Reached XP level 2. HP: 26/26 MP: 2/2
   378 | D:1      | You fall into a shaft and drop 1 floor!
   436 | D:1      | Reached skill level 5 in Axes
   624 | D:1      | Reached XP level 3. HP: 24/31 MP: 3/3
   993 | D:1      | Reached ** piety under Trog
  1067 | D:2      | Noticed Jessica
  1072 | D:2      | Killed Jessica
  1073 | D:2      | Reached skill level 6 in Axes
  1073 | D:2      | Reached XP level 4. HP: 30/39 MP: 4/4
  1367 | D:2      | Found the +7 Kryia's mail coat {PotionHeal*2 rC+}
  1602 | D:2      | Found a faded altar of an unknown god.
  1658 | D:2      | Reached skill level 7 in Axes
  2041 | D:3      | Reached XP level 5. HP: 45/45 MP: 5/5
  2306 | D:3      | Noticed Robin
  2307 | D:3      | Reached *** piety under Trog
  2343 | D:3      | Killed Robin
  2446 | D:3      | Found an ancient bone altar of Kikubaaqudgha.
  2446 | D:3      | Found an ornate altar of the Wu Jian Council.
  2449 | D:3      | Found an iron altar of Okawaru.
  2449 | D:3      | Found a radiant altar of Vehumet.
  2452 | D:3      | Noticed Sigmund
  2476 | D:3      | Killed Sigmund
  2477 | D:3      | Reached skill level 8 in Axes
  2477 | D:3      | Reached XP level 6. HP: 40/51 MP: 6/6
  3006 | D:4      | Found Aliridda's Gadget Gallery.
  3417 | D:4      | Reached skill level 9 in Axes
  3417 | D:4      | Reached XP level 7. HP: 48/57 MP: 7/7
  3683 | D:4      | Found a basalt altar of Yredelemnul.
  3752 | D:4      | Found a broken altar of Ashenzari.
  3906 | D:4      | Found a staircase to the Ecumenical Temple.
  3975 | D:4      | Found a runed translucent gate.
  3975 | D:4      | Found a runed translucent gate.
  3975 | D:4      | Found a runed translucent gate.
  4169 | D:4      | Noticed SnakkuSnakku7's ghost (amateur DjGl)
  4575 | D:5      | Entered Level 5 of the Dungeon
  4829 | D:5      | Reached skill level 10 in Axes
  5097 | D:5      | Reached **** piety under Trog
  5098 | D:5      | Reached skill level 5 in Armour
  5156 | D:5      | Found a runed translucent door.
  5157 | D:5      | Noticed a redback
  5164 | D:5      | Found a runed translucent gate.
  5164 | D:5      | Found a runed translucent gate.
  5168 | D:5      | Noticed a shadow
  5170 | D:5      | Found the +9 staff of Olgreb {rPois∞}
  5173 | D:5      | Killed a shadow
  5174 | D:5      | Reached XP level 8. HP: 54/64 MP: 8/8
  5290 | D:5      | Found a runed translucent gate.
  5291 | D:5      | Found a runed translucent door.
  5539 | D:6      | Reached skill level 11 in Axes
  6122 | D:6      | Reached skill level 12 in Axes
  6532 | D:7      | Noticed a gargoyle
  6556 | D:7      | Reached XP level 9. HP: 49/71 MP: 9/9
  6570 | D:7      | Killed a gargoyle
  6571 | D:7      | Reached skill level 13 in Axes
  6745 | D:7      | Noticed Menkaure
  6752 | D:7      | Killed Menkaure
  6755 | D:7      | Noticed a komodo dragon
  6757 | D:7      | Noticed a gargoyle
  6759 | D:7      | Noticed a skeletal warrior
  6769 | D:7      | Noticed a kobold demonologist
  6769 | D:7      | Noticed a two-headed ogre
  6771 | D:7      | HP: 2/73 [something (4)]
  6802 | D:8      | Reached skill level 5 in Fighting
  7240 | D:7      | Identified the +1 leather armour "Sonaorot" {Contam rCorr
                  | Str-3 Dex+9}
  7250 | D:7      | Noticed an orange demon
  7251 | D:7      | Noticed a soul eater
  7253 | D:7      | Noticed a hellwing
  7255 | D:7      | Killed a kobold demonologist
  7256 | D:7      | Reached skill level 14 in Axes
  7276 | D:7      | Killed an unseen horror
  7306 | D:8      | Slain by an orc warrior

Illustrated notes

Levels and vault maps discovered:
D:1:      sevenhm_arrival_forest_fort_large_4, layout_rooms
D:2:      layout_loops_ring, hellmonk_ecumenical_altar_run_dry,
          dk_noncrumbling_3, serial_bayou_pond_d, minmay_rat_gold_closets,
          uniq_jessica
D:3:      cheibrodos_helix_gallery, layout_basic,
          chequers_temple_overflow_statue_of_worship, uniq_robin, uniq_sigmund
D:4:      layout_loops_ring, yredelemnul_forgotten_temple_becter,
          evilmike_ruin_ashenzari, minmay_temple_entry_junction_2,
          gammafunk_ghost_necromancy, nicolae_shop_gadgets
D:5:      layout_loops_corners, minmay_guarded_unrand_staff_of_olgreb
D:6:      layout_basic
D:7:      minmay_the_grid_octo_tiled_squarecenter [minmay_the_grid_octo_teeth,
          minmay_the_grid_octo_checkered, minmay_the_grid_octo_empty,
          minmay_the_grid_octo_pinwheel,
          minmay_the_grid_square_5x5_megaprize_crossed,
          minmay_the_grid_square_5x5_inner_v,
          minmay_the_grid_square_5x5_sharp_hourglass,
          minmay_the_grid_square_5x5_n_small,
          minmay_the_grid_square_5x5_corner], layout_basic,
          uniq_crazy_yiuf_cottage, uniq_menkaure
D:8:      layout_loops_ring, mainiacjoe_overflow_brackets, serial_shops,
          kennysheep_mini_moat, minmay_misc_feat_square,
          kennysheep_generic_room_15

Skill      XL: |  1  2  3  4  5  6  7  8  9 |
---------------+----------------------------+-----
Axes           | 5 6 7 8 9 10 12 14 | 14.5
Armour         | 3 4 5 6 |  6.7
Fighting       | 6 |  6.1
Dodging        | 3 |  3.7

Action                   |  1- 3 |  4- 6 |  7- 9 || total
-------------------------+-------+-------+-------++-------
Melee: Hand axe          |    78 |   228 |       ||   306
       Punch             |       |     2 |       ||     2
       Scythe            |       |    31 |   226 ||   257
Invok: Trog's Hand       |       |     3 |     4 ||     7
       Berserk           |       |     1 |     2 ||     3
  Use: Scroll            |       |       |     3 ||     3
 Stab: Sleeping          |     4 |       |       ||     4
Armor: Animal skin       |    13 |       |       ||    13
       Plate armour      |       |    45 |       ||    45
       Leather armour    |       |     6 |       ||     6
       Scale mail        |       |    79 |   224 ||   303
Dodge: Dodged            |    39 |    89 |   185 ||   313
